 Dungeon Crawl Stone Soup version 0.31-a0-102-g33a4ccc0cb (webtiles) character file.

Game seed: 17636231963551439971

36585 MackTheKnife the Martial Artist (level 13, -1/93 (95) HPs)
             Began as a Demonspawn Monk on May 26, 2023.
             Was a High Priest of Hepliaklqana.
             Slain by Rupert
             ... wielding a +0 great sword of draining
              (4 damage)
             ... while paralysed by Rupert
             ... on level 3 of the Lair of Beasts.
             The game lasted 00:23:20 (14129 turns).

MackTheKnife the Martial Artist (Demonspawn Monk)  Turns: 14129, Time: 00:23:21

HP:   -1/93 (95)    AC: 20    Str: 27    XL:     13   Next: 53%
MP:   22/22         EV:  2    Int: 15    God:    Hepliaklqana [*****.]
Gold: 865           SH:  0    Dex: 18    Spells: 20/24 levels left

rFire   . .          .
                       - Unarmed
rCold   . . .        D - +0 buckler
rNeg    . . .        J - quicksilver dragon scales "Gidynac" {Drain rPois Will+ Int+3 Stlth+, rare}
rPois   +            k - +0 helmet
rElec   .            g - +2 cloak
rCorr   .            (no gloves)
SInv    .            E - +0 pair of boots "Cubba" {Str+5}
Will    .....        y - amulet of reflection
Stlth   +++          w - +6 ring of strength
HPRegen 0.35/turn    f - ring of flight
MPRegen 0.18/turn

%: reflection
@: paralysed, weak-willed, flying, lightly drained
A: reduced essence, claws 1, slimy green scales 3, demonic guardian 3, foul
stench 1, fangs 1, thin skeletal structure 1
a: Renounce Religion, Recall Ancestor, Ancestor Identity, Transference, Idealise


You were on level 3 of the Lair of Beasts.
You worshipped Hepliaklqana.
Hepliaklqana was extremely pleased with you.
You visited 2 branches of the dungeon, and saw 13 of its levels.
You also visited: Sewer and Bailey.

You collected 889 gold pieces.
You spent 24 gold pieces at shops.


Innate Abilities, Weirdness & Mutations

Your life essence is reduced to manifest your ancestor. (-10% HP)
You have sharp fingernails.
You are completely covered in slimy green scales. (AC +4, rPois)
A powerful demonic guardian rushes to your aid.
You may rarely emit foul miasma when damaged in melee.
You have very sharp teeth.
You have a somewhat thin skeletal structure. (Dex +2, Stealth+)


   Skills:
 - Level 11.0 Fighting
 - Level 5.0 Armour
 - Level 8.6 Dodging
 - Level 5.3 Shields
 - Level 13.0 Unarmed Combat
 - Level 6.0 Spellcasting
 + Level 7.4 Necromancy
 - Level 10.2 Invocations


You had 20 spell levels left.
You knew the following spells:

 Your Spells              Type           Power      Damage    Failure   Level
a - Animate Dead          Necr           26%        N/A       12%         4

Your spell library contained the following spells:

 Spells                   Type           Power      Damage    Failure   Level
 Necrotise                Necr           100%       1d9       1%          1
 Apportation              Tloc           8%         N/A       24%         1
 Sandblast                Erth           8%         2d5       24%         1
 Summon Small Mammal      Summ           16%        N/A       24%         1
 Passwall                 Tmut/Erth      1%         N/A       45%         2
 Static Discharge         Conj/Air       4%         2-3/arc   45%         2
 Inner Flame              Hex/Fire       2%         N/A       69%         3
 Stone Arrow              Conj/Erth      4%         3d7       69%         3
 Death Channel            Necr           13%        N/A       88%         6
 Borgnjor's Vile Clutch   Necr/Erth      6%         N/A       90%         5
 Airstrike                Air            2%         2d(1-17)  94%         4
 Summon Lightning Spire   Summ/Air       2%         N/A       97%         4
 Yara's Violent Unravell  Hex/Tmut       1%         3d3       100%        5
 Enfeeble                 Hex            2%         N/A       100%        7

Inventory:

Missiles
 d - 12 javelins {throwing}
 I - a throwing net {=f!fthrowing}
Armour
 g - a +2 cloak (worn)
   (You took it off Crazy Yiuf on level 3 of the Dungeon)
 k - a +0 helmet (worn)
   (You found it on level 8 of the Dungeon)
 D - a +0 buckler (worn)
   (You took it off a gnoll sergeant on level 9 of the Dungeon)
 E - the +0 pair of boots "Cubba" (worn) {Str+5}
   (You found it on level 8 of the Dungeon)

   Str:       It affects your strength (+5).
 J - the quicksilver dragon scales "Gidynac" (worn) {Drain rPois Will+ Int+3 Stlth+, rare}
   (You took it off a spriggan in a bailey)

   Int:       It affects your intelligence (+3).
   rPois:     It protects you from poison.
   Drain:     It drains your maximum health when unequipped.
   Will:      It increases your willpower.
   Stlth:     It makes you more stealthy.
Jewellery
 f - a ring of flight (right claw)
   (You found it on level 3 of the Dungeon)
 o - a ring of see invisible
   (You found it on level 3 of the Dungeon)
 r - a ring of fire
   (You found it on level 4 of the Dungeon)
 w - a +6 ring of strength (left claw)
   (You found it on level 5 of the Dungeon)
 y - an amulet of reflection (around neck)
   (You found it on level 6 of the Dungeon)
Wands
 c - a wand of charming (3)
   (You found it on level 3 of the Lair of Beasts)
 B - a wand of light (6)
   (You found it on level 7 of the Dungeon)
 M - a wand of polymorph (4)
   (You took it off Maurice on level 10 of the Dungeon)
Scrolls
 e - a scroll of vulnerability {!r!r}
 i - 5 scrolls of teleportation {@r4}
 j - 2 scrolls of amnesia
 n - 3 scrolls of fog
 u - 2 scrolls of immolation {!r!r}
 A - a scroll of poison
 C - 2 scrolls of butterflies
 G - a scroll of magic mapping {!r}
 K - 2 scrolls of enchant armour
 L - a scroll of identify {@r1}
Potions
 a - 7 potions of mutation {!q}
 b - a potion of ambrosia
 h - 4 potions of lignification {!q}
 l - a potion of enlightenment
 m - 3 potions of attraction {!q}
 p - a potion of heal wounds {@q2}
 q - a potion of cancellation
 s - a potion of magic
 t - 4 potions of resistance
 v - 4 potions of curing {@q1}
 x - a potion of berserk rage {!q}
 z - a potion of haste {@q3}
 F - a potion of brilliance
 H - 2 potions of might

Dungeon Overview and Level Annotations

Branches:
Dungeon (10/15) Zot: 25997  Temple (0/1) D:4            Lair (3/5) D:8 Zot: 14163
  Swamp (0/4) Lair:2        Snake (0/4) Lair:3          Orc (0/2) D:10
  Sewer (visited)          Bailey (visited)

Altars:
Ashenzari
Fedhas
Gozag
Hepliaklqana
Okawaru
Ru
Sif Muna
Trog
Vehumet

Shops:
D:5 *

Annotations:
D:6 2 transporters, Vorhees's ghost, novice MfGl
D:8 exclusions: ice statue and obsidian statue
Lair:3 1 runed translucent door, Rupert; kaesh's ghost, journeyman HOBe

##.....# #........
#......# #..##.P..
#P.....# ###..####..
#......#######.#..P##...
##...>..##..##....# ##..
#................####..
#...##.2...............
##.....@R..............†
#......@D...............
#.....#.S...............
##......................
#P#.####.###.###.#..###
#### ##.#### ###### #
###


You could see the friendly Louis the knight (weak-willed), Rupert (weak-willed,
ally target), an eight-headed hydra (slow, weak-willed), a black mamba and a
friendly reaper (summoned).


Message History

Key pressed, stopping explore.
You swap places.
Key pressed, stopping explore.
You swap places.
Rupert the Wild comes into view.
He is wielding a +0 great sword of draining. 😎 HP[+11]
Your hp is fully restored (95).
Aiming: Bolt of Light
Press: ? - help, Shift-Dir - straight line, f - Rupert
Aim: Rupert, wielding a +0 great sword of draining, wearing a +0 scale mail and wearing a ring of magical power (ally target, 75% to hit)
Okay, then.
Okay, then.
Unknown command.
Okay, then.
Unknown command.
Aiming: Polymorph
Press: ? - help, Shift-Dir - straight line, f - Rupert
Aim: Rupert, wielding a +0 great sword of draining, wearing a +0 scale mail and wearing a ring of magical power (ally target, will become a goliath frog, a fenstrider witch, or a mana viper, chance to affect: 1%)
Okay, then.
Unknown command.
Aiming: Bolt of Light
Press: ? - help, Shift-Dir - straight line, f - Rupert
Aim: Rupert, wielding a +0 great sword of draining, wearing a +0 scale mail and wearing a ring of magical power (ally target, 75% to hit)
The bolt of light hits Rupert!
Rupert is blinded.
An eight-headed hydra comes into view.
You catch the helpless Rupert completely off-guard!
You scratch Rupert but do no damage.
Louis hits Rupert but does no damage.
Aiming: Charm
Press: ? - help, Shift-Dir - straight line, f - eight-headed hydra, p - Rupert
Aim: an eight-headed hydra (chance to affect: 17%)
Okay, then.
Really read
e - 2 scrolls of vulnerability {!r!r}?
Really read the scroll of vulnerability?
As you read the scroll of vulnerability {!r!r}, it crumbles to dust.
Magic quickly surges around you.
Aiming: Charm
Press: ? - help, Shift-Dir - straight line, f - eight-headed hydra, p - Rupert
Aim: an eight-headed hydra (weak-willed, chance to affect: 39%)
The eight-headed hydra resists with some effort.
Louis closely misses Rupert.
A black mamba comes into view.
Rupert barely misses you.
Aiming: Charm
Press: ? - help, Shift-Dir - straight line, f/p - eight-headed hydra
Aim: an eight-headed hydra (weak-willed, chance to affect: 39%)
The eight-headed hydra resists with some effort.
Rupert roars wildly at you.
You struggle to resist.
Aiming: Charm
Press: ? - help, Shift-Dir - straight line, f/p - eight-headed hydra
Aim: an eight-headed hydra (weak-willed, chance to affect: 39%)
The eight-headed hydra resists with some effort.
Louis hits Rupert with a +0 flail!
Rupert roars wildly at you.
You suddenly lose the ability to move!
Rupert is no longer blind.
The eight-headed hydra completely misses you.
The eight-headed hydra bites you!
The eight-headed hydra bites you but does no damage. x4
The eight-headed hydra bites you.
The eight-headed hydra bites you but does no damage.
Louis hits Rupert with a +0 flail!
Rupert completely misses you. The eight-headed hydra bites you.
The eight-headed hydra bites you but does no damage. x5
The eight-headed hydra completely misses you.
The eight-headed hydra bites you but does no damage.
The black mamba bites you! Rupert yells loudly at you.
You shrug off the repeated paralysis!
The black mamba bites you but does no damage.
The eight-headed hydra completely misses you.
The eight-headed hydra bites you but does no damage.
The eight-headed hydra bites you!
You emit a cloud of foul miasma!
The eight-headed hydra bites you but does no damage.
The eight-headed hydra bites you.
A demonic guardian appears!
The eight-headed hydra bites you. x2; The eight-headed hydra bites you!
* * * LOW HITPOINT WARNING * * *
Louis hits Rupert with a +0 flail.
The black mamba barely misses you. Rupert roars wildly at you.
You struggle to resist.
The eight-headed hydra is engulfed in dark miasma.
The eight-headed hydra seems to slow down.
The eight-headed hydra bites you but does no damage.
The eight-headed hydra bites you.
* * * LOW HITPOINT WARNING * * *
The eight-headed hydra bites you but does no damage. x3
The eight-headed hydra bites you!
* * * LOW HITPOINT WARNING * * *
The eight-headed hydra bites you!
* * * LOW HITPOINT WARNING * * *
The eight-headed hydra bites you.
* * * LOW HITPOINT WARNING * * *
The black mamba bites you but does no damage.
Louis hits Rupert with a +0 flail!
Your reaper hits Rupert with a +2 scythe of freezing!!!
Your reaper freezes Rupert!
Rupert hits you with a +0 great sword of draining!
* * * LOW HITPOINT WARNING * * *
You feel drained.
You die...

Skill      XL: |  1  2  3  4  5  6  7  8  9 10 11 12 13 |
---------------+----------------------------------------+-----
Unarmed Combat | 3 4 5 12 13 | 13.0
Fighting       | 7 9 10 11 | 11.0
Dodging        | 6 7 8 |  8.6
Armour         | 2 5 |  5.0
Invocations    | 10 | 10.2
Shields        | 5 |  5.3
Necromancy     | 3 7 |  7.4
Spellcasting   | 2 6 |  6.0

Action                     |  1- 3 |  4- 6 |  7- 9 | 10-12 | 13-15 || total
---------------------------+-------+-------+-------+-------+-------++-------
  Melee: Unarmed           |    87 |   104 |   210 |   453 |   135 ||   989
         Bite              |       |       |    26 |    75 |    22 ||   123
 Invoke: Recall Ancestor   |       |     1 |       |     2 |     1 ||     4
         Ancestor Life: Kn |       |     1 |       |       |       ||     1
         Ancestor Identity |       |     1 |       |       |       ||     1
         Idealise          |       |       |       |     3 |     1 ||     4
  Evoke: Wand              |       |       |       |    10 |     8 ||    18
    Use: Scroll            |       |     6 |     9 |    12 |     1 ||    28
         Potion            |       |     2 |     2 |       |     1 ||     5
   Stab: Sleeping          |       |       |     1 |     1 |     2 ||     4
         Distracted        |       |       |     1 |     1 |     1 ||     3
         Invisible         |       |       |       |     3 |     1 ||     4
 Armour: Robe              |     3 |       |       |       |       ||     3
         Leather armour    |     6 |       |       |       |       ||     6
         Ring mail         |    17 |    42 |    45 |     4 |       ||   108
         Steam dragon scal |       |       |       |    31 |       ||    31
         Quicksilver drago |       |       |       |    72 |    64 ||   136
  Dodge: Dodged            |    52 |    40 |   101 |   255 |    79 ||   527
  Block: Orb               |       |       |     6 |    52 |       ||    58
         Reflection        |       |       |     2 |       |     1 ||     3
         Buckler           |       |       |       |    43 |    81 ||   124

Levels and vault maps discovered:
D:1:      amcnicky_arrival_abandoned_market, layout_loops_corners
D:2:      layout_loops_ring, basic_altar, basic_ecumenical_altar
D:3:      layout_loops_corners, mainiacjoe_overflow_cross_hatched,
          nicolae_vehumet_altar_sigil, portal_sewer_entry_e,
          hangedman_decor_push, uniq_crazy_yiuf_cottage
D:4:      layout_basic, temple_doors_e
D:5:      layout_loops_ring, okawaru_metal_pillars_1_2, serial_shops,
          nicolae_shop_advertising_works [nicolae_subvault_shop_adworks]
D:6:      layout_loops_cross, gammafunk_ghost_smash, grunt_ministairs_6,
          hangedman_decor_slide_cut, minmay_lizard_king, uniq_sigmund,
          uniq_eustachio, uniq_duvessa, uniq_grinder, uniq_edmund
D:7:      layout_gridville, uniq_pikel
D:8:      minmay_separated_statues, layout_rooms, fedhas_altar_3,
          mainiacjoe_overflow_boulevard, dpeg_oklobed_lair, serial_shops,
          nicolae_shop_crystal
D:9:      layout_roguey, enter_bailey_7
D:10:     layout_irregular_city, chequers_temple_overflow_minitemple,
          orc_0_dummy, uniq_maurice, uniq_grum
Lair:1:   layout_regular_city, fungi_pond_lemuel, chequers_serial_rivers_small_a
Lair:2:   layout_loops_ring, palyth_hydra_swamp_entry
Lair:3:   nzn_winding_woodlands_stair_cross [nzn_winding_woodlands_5x15_pool,
          nzn_winding_woodlands_center_lodge,
          nzn_winding_woodlands_5x15_pathside_ponds,
          nzn_winding_woodlands_5x5_perimeter,
          nzn_winding_woodlands_5x5_checkerboard,
          nzn_winding_woodlands_5x15_eye,
          nzn_winding_woodlands_center_pierced_h,
          nzn_winding_woodlands_5x15_split_checker], layout_chaotic_city,
          minmay_snake_entry_guardpost_small, nicolae_volcano_entry_hallway,
          ebering_ghost_reflecting_pool, grunt_forest_stairs_basic,
          uniq_prince_ribbit2, uniq_rupert

Notes
Turn   | Place    | Note
-------+----------+-------------------------------------------
     0 | D:1      | MackTheKnife the Demonspawn Monk began the quest for the
                  | Orb.
     0 | D:1      | Reached XP level 1. HP: 18/18 MP: 1/1
     0 | D:1      | magus.rc [v1.9.6]
   268 | D:1      | Reached skill level 3 in Unarmed Combat
   526 | D:1      | Gained mutation: You may rarely emit foul miasma when
                  | damaged in melee. [demonic ancestry]
   526 | D:1      | Reached XP level 2. HP: 24/24 MP: 2/2
  1139 | D:2      | Reached skill level 4 in Unarmed Combat
  1139 | D:2      | Gained mutation: A weak demonic guardian rushes to your
                  | aid. [demonic ancestry]
  1139 | D:2      | Reached XP level 3. HP: 19/29 MP: 3/3
  1532 | D:2      | Gained mutation: You are partially covered in slimy green
                  | scales. (AC +2) [demonic ancestry]
  1532 | D:2      | Reached XP level 4. HP: 29/35 MP: 4/4
  1582 | D:2      | Found a faded altar of an unknown god.
  1621 | D:2      | Prayed at the altar of an unknown god.
  1621 | D:2      | Became a worshipper of Hepliaklqana the Forgotten
  1621 | D:2      | Reached * piety under Hepliaklqana
  1621 | D:2      | Reached ** piety under Hepliaklqana
  1842 | D:3      | magus.rc [v1.9.6]
  1887 | D:3      | Reached *** piety under Hepliaklqana
  1888 | D:3      | Remembered your ancestor Louis as a knight
  2060 | D:3      | Reached skill level 5 in Unarmed Combat
  2273 | D:3      | Reached XP level 5. HP: 29/36 MP: 5/5
  2287 | D:3      | Found a glowing drain.
  2297 | Sewer    | Entered a sewer
  2346 | Sewer    | magus.rc [v1.9.6]
  2461 | Sewer    | Found a viscous altar of Jiyva.
  2498 | Sewer    | Reached skill level 6 in Unarmed Combat
  2574 | Sewer    | Identified 2 potions of experience
  2658 | Sewer    | Reached skill level 12 in Unarmed Combat
  2658 | Sewer    | Reached XP level 6. HP: 42/42 MP: 6/6
  2659 | Sewer    | Reached skill level 7 in Fighting
  2659 | Sewer    | Reached skill level 6 in Dodging
  2659 | Sewer    | Reached XP level 7. HP: 54/54 MP: 7/7
  2751 | D:3      | Found a runed translucent door.
  2752 | D:3      | Noticed Crazy Yiuf
  2932 | D:3      | Found a radiant altar of Vehumet.
  3142 | D:3      | Killed Crazy Yiuf
  3143 | D:3      | Gained mutation: You are mostly covered in slimy green
                  | scales. (AC +3) [demonic ancestry]
  3143 | D:3      | Reached XP level 8. HP: 60/60 MP: 8/8
  3602 | D:4      | Found a staircase to the Ecumenical Temple.
  3639 | D:4      | Reached **** piety under Hepliaklqana
  4362 | D:4      | Gained mutation: You have a somewhat thin skeletal
                  | structure. (Dex +2, Stealth+) [potion of mutation]
  4362 | D:4      | Gained mutation: You have very sharp teeth. [potion of
                  | mutation]
  4386 | D:5      | Entered Level 5 of the Dungeon
  4648 | D:5      | Reached skill level 7 in Dodging
  4969 | D:5      | Found an iron altar of Okawaru.
  5006 | D:5      | Found Kobot's Assorted Antiques.
  5013 | D:5      | Bought a scroll labelled GINGEY HURR for 24 gold pieces
  5163 | D:5      | Reached ***** piety under Hepliaklqana
  5265 | D:6      | Noticed Edmund
  5538 | D:6      | Noticed Duvessa
  5546 | D:6      | Gained mutation: A demonic guardian rushes to your aid.
                  | [demonic ancestry]
  5546 | D:6      | Reached XP level 9. HP: 66/66 MP: 9/9
  5550 | D:6      | Noticed Dowan
  5552 | D:6      | Killed Duvessa
  5553 | D:6      | Reached skill level 8 in Fighting
  5556 | D:6      | Killed Dowan
  5587 | D:6      | Noticed Sigmund
  5597 | D:6      | Killed Sigmund
  5644 | D:6      | You pick up a book of Misfortune and begin reading...
  5644 | D:6      | You add the spells Inner Flame, Yara's Violent Unravelling
                  | and Enfeeble to your library.
  5689 | D:6      | Noticed Vorhees's ghost (novice MfGl)
  5692 | D:6      | Noticed Grinder
  5696 | D:6      | Found a transporter.
  5704 | D:6      | Identified the +8 great mace of Subterfuge {protect, rC+
                  | Str+2 Int+2 Dex+2}
  5705 | D:6      | Found a transporter.
  5716 | D:6      | Killed Grinder
  5823 | D:6      | Killed Edmund
  6339 | D:6      | Noticed Eustachio
  6356 | D:6      | Killed Eustachio
  6357 | D:6      | Reached skill level 1 in Armour
  6675 | D:7      | You pick up a book of Cantrips and begin reading...
  6675 | D:7      | You add the spells Necrotise, Summon Small Mammal and
                  | Apportation to your library.
  6755 | D:7      | Noticed Pikel
  6767 | D:7      | Killed Pikel
  6768 | D:7      | Reached skill level 9 in Fighting
  6768 | D:7      | Reached skill level 2 in Armour
  6768 | D:7      | Gained mutation: You are completely covered in slimy green
                  | scales. (AC +4, rPois) [demonic ancestry]
  6768 | D:7      | Reached XP level 10. HP: 46/74 MP: 10/10
  7544 | D:8      | Found Pedyol's General Store.
  7732 | D:8      | Found a blossoming altar of Fedhas.
  7757 | D:8      | Reached skill level 3 in Armour
  7865 | D:8      | Identified the +0 pair of boots "Cubba" {Str+5}
  7877 | D:8      | Noticed an ice statue
  7897 | D:8      | Found a staircase to the Lair.
  7923 | D:8      | You pick up a book of Storms and begin reading...
  7923 | D:8      | You add the spells Static Discharge, Airstrike and Summon
                  | Lightning Spire to your library.
  8000 | D:8      | Noticed an obsidian statue
  8017 | D:8      | Found a shimmering blue altar of Sif Muna.
  8286 | D:9      | Reached skill level 4 in Armour
  8382 | D:9      | Reached skill level 10 in Fighting
  8530 | D:9      | Found a flagged portal.
  8541 | Bailey   | Entered a bailey
  8628 | Bailey   | Reached skill level 5 in Armour
  8628 | Bailey   | Reached XP level 11. HP: 47/81 MP: 11/11
  8725 | Bailey   | Noticed a two-headed ogre
  8733 | Bailey   | Killed a two-headed ogre
  8734 | Bailey   | Reached skill level 3 in Invocations
  8771 | Bailey   | Identified the quicksilver dragon scales "Gidynac" {Drain
                  | rPois Will+ Int+3 Stlth+}
  8782 | Bailey   | Reached skill level 4 in Invocations
  8891 | Bailey   | J - the quicksilver dragon scales "Gidynac" {Drain rPois
                  | Will+ Int+3 Stlth+, rare}
  8892 | Bailey   | Really wear J - the quicksilver dragon scales "Gidynac"
                  | {Drain rPois Will+ Int+3 Stlth+, rare}?
  8902 | Bailey   | You finish putting on the quicksilver dragon scales
                  | "Gidynac" {Drain rPois Will+ Int+3 Stlth+, rare}.
  9194 | D:10     | Entered Level 10 of the Dungeon
  9325 | D:10     | Reached skill level 5 in Invocations
  9400 | D:10     | Found a staircase to the Orcish Mines.
  9409 | D:10     | Noticed Grum
  9420 | D:10     | Reached skill level 6 in Invocations
  9424 | D:10     | Killed Grum
  9443 | D:10     | Reached skill level 7 in Invocations
  9602 | D:10     | Found a faded altar of an unknown god.
  9602 | D:10     | Found a sacrificial altar of Ru.
  9609 | D:10     | Found a bloodstained altar of Trog.
  9611 | D:10     | Found a broken altar of Ashenzari.
  9613 | D:10     | Found an opulent altar of Gozag.
  9724 | D:10     | Noticed a two-headed ogre
  9732 | D:10     | Killed a two-headed ogre
  9733 | D:10     | Reached skill level 8 in Invocations
  9827 | D:10     | Noticed Maurice
  9839 | D:10     | Killed Maurice
  9929 | D:10     | Reached skill level 9 in Invocations
 10128 | Lair:1   | Entered Level 1 of the Lair of Beasts
 10193 | Lair:1   | Reached skill level 10 in Invocations
 10323 | Lair:1   | Noticed a boulder beetle
 10341 | Lair:1   | Killed a boulder beetle
 10568 | Lair:1   | Reached skill level 8 in Dodging
 10589 | Lair:1   | Gained mutation: A powerful demonic guardian rushes to your
                  | aid. [demonic ancestry]
 10589 | Lair:1   | Reached XP level 12. HP: 44/88 MP: 19/19
 11050 | Lair:1   | Reached skill level 11 in Fighting
 11080 | Lair:1   | You pick up a book of Unlife and begin reading...
 11080 | Lair:1   | You add the spells Animate Dead, Borgnjor's Vile Clutch and
                  | Death Channel to your library.
 11151 | Lair:1   | Learned a level 4 spell: Animate Dead
 11363 | Lair:2   | Reached skill level 13 in Unarmed Combat
 11701 | Lair:2   | Noticed a death yak
 11701 | Lair:2   | Noticed a death yak
 11701 | Lair:2   | Noticed a death yak
 11707 | Lair:2   | Killed a death yak
 11708 | Lair:2   | Reached skill level 1 in Shields
 11712 | Lair:2   | Killed a death yak
 11713 | Lair:2   | Reached skill level 2 in Shields
 11716 | Lair:2   | Killed a death yak
 11717 | Lair:2   | Reached skill level 3 in Shields
 11945 | Lair:2   | Reached skill level 4 in Shields
 11986 | Lair:2   | You pick up a book of Geomancy and begin reading...
 11986 | Lair:2   | You add the spells Sandblast, Passwall and Stone Arrow to
                  | your library.
 12211 | Lair:2   | Reached skill level 5 in Shields
 12291 | Lair:2   | Reached skill level 1 in Necromancy
 12298 | Lair:2   | Reached skill level 1 in Spellcasting
 12378 | Lair:2   | Reached skill level 2 in Necromancy
 12593 | Lair:2   | Found a staircase to the Swamp.
 12593 | Lair:2   | Noticed a four-headed hydra
 12593 | Lair:2   | Noticed a four-headed hydra
 12610 | Lair:2   | Killed a four-headed hydra
 12611 | Lair:2   | Reached skill level 2 in Spellcasting
 12611 | Lair:2   | Killed a four-headed hydra
 12613 | Lair:2   | Reached skill level 3 in Necromancy
 12926 | Lair:3   | Noticed a six-headed hydra
 12927 | Lair:3   | Found a runed translucent door.
 12964 | Lair:3   | Noticed a five-headed hydra
 13059 | Lair:3   | Gained mutation: You have sharp fingernails. [demonic
                  | ancestry]
 13059 | Lair:3   | Reached XP level 13. HP: 92/95 MP: 20/20
 13070 | Lair:3   | Reached skill level 3 in Spellcasting
 13091 | Lair:3   | Reached skill level 4 in Necromancy
 13146 | Lair:3   | Noticed Prince Ribbit
 13166 | Lair:3   | Killed Prince Ribbit
 13250 | Lair:3   | Noticed kaesh's ghost (journeyman HOBe)
 13259 | Lair:3   | Reached skill level 4 in Spellcasting
 13265 | Lair:3   | Reached skill level 5 in Necromancy
 13321 | Lair:3   | Found a staircase to the Snake Pit.
 13346 | Lair:3   | HP: 22/95 [blink frog (13)]
 13376 | Lair:3   | HP: 18/95 [komodo dragon (24)]
 13640 | Lair:3   | Reached skill level 5 in Spellcasting
 13640 | Lair:3   | Reached skill level 6 in Necromancy
 13897 | Lair:3   | Reached skill level 7 in Necromancy
 13917 | Lair:3   | Reached skill level 6 in Spellcasting
 14116 | Lair:3   | Noticed Rupert
 14125 | Lair:3   | Paralysed by Rupert for 5 turns
 14129 | Lair:3   | HP: 15/95 [eight-headed hydra (11)]
 14129 | Lair:3   | HP: 3/95 [Rupert/+0 great sword of draining (10)]
 14129 | Lair:3   | Slain by Rupert

Vanquished Creatures
  2 hydras
  3 death yaks (Lair:3)
  A boulder beetle (Lair:1)
  2 skysharks
  Pikel (D:7)
  Maurice (D:10)
  5 cane toads
  An unseen horror (D:9)
  A gargoyle (D:10)
  A rime drake (Lair:1)
  A troll (D:10)
  A hornet (D:10)
  2 polar bears
  Prince Ribbit (Lair:3)
  16 blink frogs
  A dream sheep (Lair:3)
  Sigmund (D:6)
  A shadow (D:10)
  3 spriggans (Bailey)
  3 wyverns
  Eustachio (D:6)
  37 yaks
  Grum (D:10)
  2 steam dragons
  Edmund (D:6)
  11 water moccasins
  A naga (Lair:3)
  An ice beast (D:6)
  Duvessa (D:6)
  An orc warrior (D:10)
  3 black bears
  2 ogres
  18 wolves
  2 centaurs
  3 phantoms
  8 bullfrogs
  A gnoll sergeant (D:9)
  4 scorpions
  2 wights (D:9)
  2 howler monkeys
  3 hounds
  7 orc priests
  4 jellies
  A sleepcap (D:6)
  6 hell rats (Lair:3)
  5 iguanas
  7 orc wizards
  2 gnolls (D:9)
  9 adders
  A white imp (D:5)
  6 worms
  4 dart slugs
  12 orcs
  9 ball pythons
  8 endoplasms
  8 giant cockroaches
  10 goblins
  7 hobgoblins
  3 jackals (D:3)
  2 quokkas
  A bat (D:1)
  7 frilled lizards
  6 kobolds
  6 rats
284 creatures vanquished.

Vanquished Creatures (collateral kills)
  3 hydras
  2 two-headed ogres
  3 death yaks (Lair:2)
  A torpor snail (Lair:3)
  A cane toad (Lair:3)
  3 komodo dragons
  2 rime drakes
  2 tyrant leeches (Lair:2)
  Grinder (D:6)
  7 blink frogs
  A wraith (D:8)
  A wyvern (Lair:1)
  5 yaks
  A basilisk (Lair:3)
  A steam dragon (D:7)
  A swamp worm (Lair:2)
  A naga (Lair:3)
  An ice beast (D:7)
  2 ogres (Bailey)
  3 wolves
  A centaur (D:8)
  A bullfrog (Lair:3)
  A kobold brigand (D:7)
  A scorpion (D:6)
  A wight (D:9)
  Dowan (D:6)
  A howler monkey (D:7)
  Crazy Yiuf (D:3)
  A sleepcap (D:4)
  An iguana (D:5)
  An orc wizard (D:9)
  A gnoll (D:9)
  An adder (D:4)
  3 river rats (D:3)
  3 orcs
  2 ball pythons
  4 endoplasms (Sewer)
  A giant cockroach (Sewer)
  A hobgoblin (D:3)
  A quokka (D:3)
  5 frilled lizards
  2 kobolds
  2 rats
79 creatures vanquished.

Vanquished Creatures (others)
  2 knights
2 creatures vanquished.

Grand Total: 365 creatures vanquished

Table legend:
 A = Non-vault XP
 B = Vault XP
 C = Vault XP percentage of total XP
 D = Non-vault monster count
 E = Vault monster count
 F = Vault count percentage of total count
                 A         B        C        D         E       F
            +---------+---------+-------+---------+---------+-------
      Total |   36104 |   15136 |  29.5 |     266 |      97 |  26.7
            +---------+---------+-------+---------+---------+-------
        D:1 |      20 |       0 |   0.0 |      10 |       0 |   0.0
        D:2 |     116 |       0 |   0.0 |      21 |       0 |   0.0
        D:3 |     156 |      89 |  36.3 |      28 |       9 |  24.3
        D:4 |     278 |       0 |   0.0 |      13 |       0 |   0.0
        D:5 |     615 |       0 |   0.0 |      13 |       0 |   0.0
        D:6 |    1338 |    1269 |  48.7 |      17 |      17 |  50.0
        D:7 |    1091 |     641 |  37.0 |      16 |       1 |   5.9
        D:8 |     387 |       0 |   0.0 |       4 |       0 |   0.0
        D:9 |    3161 |       8 |   0.3 |      25 |       4 |  13.8
       D:10 |    4278 |    1037 |  19.5 |      19 |       5 |  20.8
     Lair:1 |    8231 |       0 |   0.0 |      40 |       0 |   0.0
     Lair:2 |    9150 |    2757 |  23.2 |      30 |       6 |  16.7
     Lair:3 |    7283 |    7190 |  49.7 |      30 |      20 |  40.0
      Sewer |       0 |     158 | 100.0 |       0 |      27 | 100.0
     Bailey |       0 |    1987 | 100.0 |       0 |       8 | 100.0
            +---------+---------+-------+---------+---------+-------

Skill      XL: |  1  2  3  4  5  6  7  8  9 10 11 12 13 |
---------------+----------------------------------------+-----
Unarmed Combat | 3 4 5 12 13 | 13.0
Fighting       | 7 9 10 11 | 11.0
Dodging        | 6 7 8 |  8.6
Armour         | 2 5 |  5.0
Invocations    | 10 | 10.2
Shields        | 5 |  5.3
Necromancy     | 3 7 |  7.4
Spellcasting   | 2 6 |  6.0

Action                     |  1- 3 |  4- 6 |  7- 9 | 10-12 | 13-15 || total
---------------------------+-------+-------+-------+-------+-------++-------
  Melee: Unarmed           |    87 |   104 |   210 |   453 |   135 ||   989
         Bite              |       |       |    26 |    75 |    22 ||   123
 Invoke: Recall Ancestor   |       |     1 |       |     2 |     1 ||     4
         Ancestor Life: Kn |       |     1 |       |       |       ||     1
         Ancestor Identity |       |     1 |       |       |       ||     1
         Idealise          |       |       |       |     3 |     1 ||     4
  Evoke: Wand              |       |       |       |    10 |     8 ||    18
    Use: Scroll            |       |     6 |     9 |    12 |     1 ||    28
         Potion            |       |     2 |     2 |       |     1 ||     5
   Stab: Sleeping          |       |       |     1 |     1 |     2 ||     4
         Distracted        |       |       |     1 |     1 |     1 ||     3
         Invisible         |       |       |       |     3 |     1 ||     4
 Armour: Robe              |     3 |       |       |       |       ||     3
         Leather armour    |     6 |       |       |       |       ||     6
         Ring mail         |    17 |    42 |    45 |     4 |       ||   108
         Steam dragon scal |       |       |       |    31 |       ||    31
         Quicksilver drago |       |       |       |    72 |    64 ||   136
  Dodge: Dodged            |    52 |    40 |   101 |   255 |    79 ||   527
  Block: Orb               |       |       |     6 |    52 |       ||    58
         Reflection        |       |       |     2 |       |     1 ||     3
         Buckler           |       |       |       |    43 |    81 ||   124

Illustrated notes

Table legend:
 A = Kills in this place as a percentage of kills in the entire game.
 B = Kills by you in this place as a percentage of kills by you in the entire game.
 C = Kills by friends in this place as a percentage of kills by friends in the entire game.
 D = Other kills in this place as a percentage of other kills in the entire game.
 E = Experience gained in this place as a percentage of experience gained in the entire game.
 F = Experience gained in this place divided by the number of levels of this place that you have seen.
                   A       B       C       D       E      F
               +-------+-------+-------+-------+-------+----------------------
         Total | 100.0 | 100.0 | 100.0 |   N/A | 100.0 | 3416.0
       Dungeon |  55.6 |  58.8 |  44.3 |   N/A |  28.3 | 1448.4
          Lair |  34.7 |  33.5 |  39.2 |   N/A |  67.5 | 11537.0
         Sewer |   7.4 |   6.0 |  12.7 |   N/A |   0.3 | 158.0
        Bailey |   2.2 |   1.8 |   3.8 |   N/A |   3.9 | 1987.0
               +-------+-------+-------+-------+-------+----------------------

Table legend: (Time is in decaauts)
 A = Elapsed time spent in this place.
 B = Non-inter-level travel time spent in this place.
 C = Inter-level travel time spent in this place.
 D = Time resting spent in this place.
 E = Time spent auto-exploring this place.
 F = Levels seen in this place.
 G = Mean time per level.
                   A        B        C        D        E       F      G
               +--------+--------+--------+--------+--------+-----+--------+
         Total |  13972 |  13126 |    846 |   1792 |   8801 |  15 |  931.5 |
       Dungeon |   9294 |   8675 |    619 |    835 |   6369 |  10 |  929.4 |
          Lair |   3835 |   3608 |    227 |    676 |   2143 |   3 | 1278.3 |
         Sewer |    389 |    389 |      0 |     93 |    161 |   1 |  389.0 |
        Bailey |    453 |    453 |      0 |    188 |    127 |   1 |  453.0 |
               +--------+--------+--------+--------+--------+-----+--------+

Top non-repeatable levels by time:
  Lair:2: 1496 daAuts
  Lair:1: 1215 daAuts
     D:3: 1184 daAuts
     D:6: 1163 daAuts
  Lair:3: 1123 daAuts
     D:5: 1039 daAuts
     D:1: 1002 daAuts
     D:2: 915 daAuts
     D:4: 894 daAuts
    D:10: 857 daAuts
     D:7: 846 daAuts
     D:9: 743 daAuts
     D:8: 646 daAuts
  Bailey: 453 daAuts
   Sewer: 389 daAuts
